[ AOE2 MATCH · #484144922 ]
UnrankedHindustanis vs Malay
[ REPLAY ANALYSIS · EXTRACTED FROM THE RECORDED GAME ]
Feudal
10:59
Castle
14:55
Imperial
29:49
| APM avg | 33.1 |
| APM peak | 87 |
| eAPM avg | 24.5 |
| Villagers / military | 169 / 226 |
Focus
⚔️ 36.9% · 🌾 63.1%
Camel Scout ×202 · Trebuchet (Packed) ×9 · Monk ×8 · Bombard Cannon ×7
Feudal
12:40
Castle
16:10
Imperial
43:27
| APM avg | 26.7 |
| APM peak | 62 |
| eAPM avg | 19.1 |
| Villagers / military | 110 / 135 |
Focus
⚔️ 36.4% · 🌾 63.6%
Camel Scout ×45 · Militia ×32 · Spearman ×32 · Battering Ram ×10 · Scout Cavalry ×10 · Petard ×5
Feudal
—
Castle
—
Imperial
—
| APM avg | 8.0 |
| APM peak | 35 |
| eAPM avg | 5.2 |
| Villagers / military | 68 / 27 |
Focus
⚔️ 11.7% · 🌾 88.3%
Skirmisher ×17 · Battle Elephant ×8 · Spearman ×2
Feudal
10:23
Castle
14:32
Imperial
34:09
| APM avg | 37.2 |
| APM peak | 70 |
| eAPM avg | 14.6 |
| Villagers / military | 86 / 145 |
Focus
⚔️ 27.5% · 🌾 72.5%
Archer ×107 · Plumed Archer ×32 · Petard ×2 · Mangonel ×2 · Trebuchet (Packed) ×2
Feudal
10:56
Castle
14:32
Imperial
26:18
| APM avg | 51.1 |
| APM peak | 118 |
| eAPM avg | 21.0 |
| Villagers / military | 111 / 25 |
Focus
⚔️ 35.4% · 🌾 64.6%
Mangudai ×19 · Trebuchet (Packed) ×3 · Battering Ram ×2 · Mangonel ×1
Feudal
12:22
Castle
16:18
Imperial
35:41
| APM avg | 28.9 |
| APM peak | 87 |
| eAPM avg | 19.1 |
| Villagers / military | 172 / 215 |
Focus
⚔️ 39.4% · 🌾 60.6%
Spearman ×172 · Hand Cannoneer ×29 · Bombard Cannon ×14
Feudal
11:00
Castle
14:40
Imperial
28:53
| APM avg | 45.3 |
| APM peak | 97 |
| eAPM avg | 31.3 |
| Villagers / military | 265 / 338 |
Focus
⚔️ 34.3% · 🌾 65.7%
Spearman ×218 · War Wagon ×96 · Trebuchet (Packed) ×7 · Skirmisher ×5 · Iron Pagoda ×5 · Battering Ram ×4
Feudal
11:02
Castle
14:33
Imperial
27:12
| APM avg | 23.6 |
| APM peak | 54 |
| eAPM avg | 14.3 |
| Villagers / military | 146 / 269 |
Focus
⚔️ 27.1% · 🌾 72.9%
Tarkan ×157 · Cavalry Archer ×109 · Trebuchet (Packed) ×2 · Monk ×1
Match map
Initial resources + every placement click. Lines = walls · curves = elevation contours. ◆ gold · ⬟ stone · ● berries · ✦ relic · ◌ wall gap
Your base· ✓ Closed at 14:55 · 0t walls · 2 gate(s)
charly222's base· ✓ Closed at 16:10 · 0t walls · 5 gate(s)
ElMelvin49's base· ✓ Closed at 16:30 · 0t walls · 3 gate(s)
VaultBoy's base· ✓ Closed at 14:32 · 0t walls · 3 gate(s)
小R's base· ✓ Closed at 14:32 · 0t walls · 2 gate(s)
洛阳一根棍's base· ✓ Closed at 16:18 · 0t walls · 2 gate(s)
DaGLeS's base· ✓ Closed at 14:40 · 0t walls · 3 gate(s)
一点通's base· ✓ Closed at 14:33 · 0t walls · 2 gate(s)
Smoothed initial terrain · ◌ = detected wall gap · hover for details
Inputs per minute
— 苏醒吧猎杀时刻 - - charly222
Build order — 苏醒吧猎杀时刻
First 150 of 587 actions detected
| 0:01 | Create | Villager (Male) |
| 0:03 | Build | House |
| 0:04 | Build | House |
| 0:05 | Build | House |
| 0:06 | Build | House |
| 0:10 | Create | Villager (Male) |
| 0:11 | Create | Villager (Male) |
| 0:11 | Create | Villager (Male) |
| 1:23 | Create | Villager (Male) |
| 1:42 | Create | Villager (Male) |
| 1:47 | Build | Lumber Camp |
| 2:21 | Create | Villager (Male) |
| 2:37 | Create | Villager (Male) |
| 2:57 | Create | Villager (Male) |
| 3:23 | Create | Villager (Male) |
| 4:06 | Create | Villager (Male) |
| 4:26 | Create | Villager (Male) |
| 4:33 | Build | Mining Camp |
| 4:39 | Create | Villager (Male) |
| 4:55 | Create | Villager (Male) |
| 5:20 | Create | Villager (Male) |
| 5:21 | Create | Villager (Male) |
| 5:34 | Build | Mill |
| 5:52 | Create | Villager (Male) |
| 6:04 | Create | Villager (Male) |
| 6:49 | Create | Villager (Male) |
| 6:50 | Create | Villager (Male) |
| 6:55 | Create | Villager (Male) |
| 7:14 | Build | Mill |
| 8:42 | Research | Feudal Age |
| 9:08 | Create | Villager (Male) |
| 9:09 | Create | Villager (Male) |
| 9:14 | Build | House |
| 9:15 | Build | House |
| 10:59 | Age | Feudal Age |
| 11:00 | Create | Villager (Male) |
| 11:01 | Create | Villager (Male) |
| 11:07 | Build | Market |
| 11:10 | Build | Blacksmith |
| 11:11 | Create | Villager (Male) |
| 12:00 | Build | House |
| 12:01 | Build | House |
| 12:06 | Research | Castle Age |
| 12:14 | Research | Double-Bit Axe |
| 12:39 | Build | Farm |
| 12:40 | Build | Farm |
| 12:41 | Build | Farm |
| 13:02 | Build | House |
| 13:39 | Build | House |
| 13:40 | Build | House |
| 14:40 | Build | House |
| 14:48 | Build | Farm |
| 14:54 | Create | Villager (Male) |
| 14:55 | Age | Castle Age |
| 14:57 | Create | Villager (Male) |
| 15:01 | Build | Town Center |
| 15:07 | Build | Farm |
| 15:10 | Build | Town Center |
| 15:17 | Build | House |
| 15:17 | Build | House |
| 15:22 | Build | Monastery |
| 15:27 | Create | Villager (Male) |
| 15:42 | Create | Villager (Male) |
| 15:52 | Create | Villager (Male) |
| 15:54 | Create | Villager (Male) |
| 15:59 | Create | Villager (Male) |
| 16:05 | Build | Farm |
| 16:08 | Create | Monk |
| 16:20 | Create | Villager (Male) |
| 16:26 | Build | Farm |
| 16:41 | Build | Farm |
| 16:44 | Build | Farm |
| 16:45 | Build | Farm |
| 16:47 | Create | Villager (Male) |
| 16:51 | Create | Villager (Male) |
| 16:52 | Create | Villager (Male) |
| 17:06 | Build | Farm |
| 17:08 | Create | Villager (Male) |
| 17:09 | Create | Villager (Male) |
| 17:13 | Build | House |
| 17:14 | Build | House |
| 17:18 | Build | Farm |
| 17:22 | Build | Lumber Camp |
| 17:26 | Create | Villager (Male) |
| 17:27 | Create | Villager (Male) |
| 17:28 | Create | Villager (Male) |
| 17:46 | Build | Farm |
| 17:47 | Build | Farm |
| 17:48 | Build | Farm |
| 17:50 | Build | Farm |
| 17:54 | Create | Villager (Male) |
| 17:55 | Create | Villager (Male) |
| 17:59 | Build | Farm |
| 18:02 | Build | Lumber Camp |
| 18:05 | Create | Villager (Male) |
| 18:12 | Create | Villager (Male) |
| 18:18 | Build | House |
| 18:20 | Build | House |
| 18:21 | Build | House |
| 18:22 | Build | House |
| 18:23 | Build | House |
| 18:28 | Create | Villager (Male) |
| 18:32 | Build | Farm |
| 18:33 | Build | Farm |
| 18:35 | Create | Villager (Male) |
| 18:47 | Create | Villager (Male) |
| 19:04 | Create | Villager (Male) |
| 19:10 | Build | Town Center |
| 19:12 | Create | Villager (Male) |
| 19:17 | Create | Villager (Male) |
| 19:28 | Build | Farm |
| 19:29 | Build | Farm |
| 19:33 | Build | Farm |
| 19:36 | Build | Farm |
| 19:37 | Create | Villager (Male) |
| 19:38 | Create | Villager (Male) |
| 19:45 | Build | Lumber Camp |
| 19:54 | Research | Horse Collar |
| 19:54 | Research | Horse Collar |
| 19:55 | Create | Villager (Male) |
| 19:56 | Create | Villager (Male) |
| 19:56 | Create | Villager (Male) |
| 20:04 | Create | Villager (Male) |
| 20:11 | Create | Villager (Male) |
| 20:20 | Create | Villager (Male) |
| 20:23 | Build | Farm |
| 20:24 | Create | Villager (Male) |
| 20:37 | Research | Bow Saw |
| 20:38 | Create | Villager (Male) |
| 20:45 | Build | Farm |
| 20:46 | Build | Farm |
| 20:47 | Build | Farm |
| 20:48 | Build | Farm |
| 20:50 | Create | Villager (Male) |
| 20:53 | Build | House |
| 20:55 | Create | Villager (Male) |
| 21:00 | Create | Villager (Male) |
| 21:02 | Create | Villager (Male) |
| 21:06 | Build | Farm |
| 21:07 | Build | Farm |
| 21:10 | Build | Farm |
| 21:14 | Create | Villager (Male) |
| 21:27 | Research | Wheelbarrow |
| 21:27 | Research | Wheelbarrow |
| 21:27 | Research | Wheelbarrow |
| 21:35 | Build | Farm |
| 21:38 | Create | Villager (Male) |
| 21:42 | Create | Villager (Male) |
| 21:47 | Build | Farm |
| 21:53 | Build | Town Center |
Build order — charly222
First 150 of 421 actions detected
| 0:00 | Create | Villager (Male) |
| 0:01 | Create | Villager (Male) |
| 0:02 | Build | House |
| 0:04 | Build | House |
| 0:09 | Build | House |
| 0:10 | Create | Villager (Male) |
| 0:10 | Create | Villager (Male) |
| 1:30 | Create | Villager (Male) |
| 1:50 | Build | Lumber Camp |
| 2:05 | Create | Villager (Male) |
| 2:20 | Create | Villager (Male) |
| 2:50 | Create | Villager (Male) |
| 3:07 | Create | Villager (Male) |
| 3:36 | Create | Villager (Male) |
| 3:36 | Create | Villager (Male) |
| 3:57 | Build | House |
| 3:59 | Build | House |
| 4:06 | Create | Villager (Male) |
| 4:25 | Create | Villager (Male) |
| 4:44 | Create | Villager (Male) |
| 4:44 | Create | Villager (Male) |
| 5:02 | Build | Palisade Gate |
| 5:09 | Create | Villager (Male) |
| 5:16 | Build | Palisade Gate |
| 5:27 | Create | Villager (Male) |
| 5:27 | Create | Villager (Male) |
| 5:28 | Create | Villager (Male) |
| 5:52 | Build | Palisade Gate |
| 5:56 | Build | Mill |
| 6:25 | Create | Villager (Male) |
| 6:26 | Create | Villager (Male) |
| 6:45 | Create | Villager (Male) |
| 7:18 | Build | House |
| 7:22 | Create | Villager (Male) |
| 7:42 | Create | Villager (Male) |
| 8:07 | Create | Villager (Male) |
| 8:20 | Create | Villager (Male) |
| 8:26 | Create | Villager (Male) |
| 8:30 | Build | Mining Camp |
| 9:35 | Create | Villager (Male) |
| 9:58 | Research | Feudal Age |
| 10:37 | Create | Villager (Male) |
| 10:42 | Build | Farm |
| 10:43 | Build | Farm |
| 10:43 | Build | Farm |
| 10:43 | Build | Farm |
| 10:48 | Build | Farm |
| 10:50 | Build | Farm |
| 10:53 | Create | Villager (Male) |
| 10:56 | Build | Farm |
| 11:04 | Build | Farm |
| 11:16 | Build | Farm |
| 11:29 | Build | Farm |
| 11:32 | Build | Farm |
| 12:40 | Age | Feudal Age |
| 12:42 | Build | Market |
| 12:44 | Build | Blacksmith |
| 13:16 | Build | House |
| 13:21 | Research | Double-Bit Axe |
| 13:30 | Research | Castle Age |
| 13:40 | Build | Barracks |
| 13:50 | Build | Barracks |
| 14:06 | Build | Farm |
| 14:13 | Build | House |
| 14:14 | Build | House |
| 14:16 | Build | House |
| 14:34 | Research | Horse Collar |
| 14:37 | Research | Man-at-Arms (upgrade) |
| 14:39 | Research | Scale Mail Armor |
| 15:07 | Research | Gold Mining |
| 15:09 | Create | Villager (Male) |
| 15:10 | Create | Militia |
| 15:33 | Create | Militia |
| 15:34 | Create | Militia |
| 16:10 | Age | Castle Age |
| 16:12 | Build | Siege Workshop |
| 16:18 | Create | Militia |
| 16:18 | Create | Militia |
| 16:22 | Research | Chain Mail Armor |
| 16:32 | Create | Villager (Male) |
| 16:39 | Build | Farm |
| 16:46 | Create | Militia |
| 17:00 | Create | Villager (Male) |
| 17:00 | Create | Villager (Male) |
| 17:03 | Create | Battering Ram |
| 17:05 | Create | Villager (Male) |
| 17:06 | Create | Villager (Male) |
| 17:18 | Build | Lumber Camp |
| 17:55 | Create | Battering Ram |
| 17:57 | Create | Villager (Male) |
| 17:58 | Create | Militia |
| 17:59 | Create | Militia |
| 18:24 | Build | Farm |
| 18:33 | Create | Battering Ram |
| 18:35 | Create | Villager (Male) |
| 18:46 | Build | House |
| 18:51 | Build | House |
| 18:52 | Build | House |
| 18:55 | Create | Militia |
| 18:55 | Create | Militia |
| 19:04 | Create | Villager (Male) |
| 19:13 | Create | Villager (Male) |
| 19:13 | Create | Villager (Male) |
| 19:28 | Research | Long Swordsman (upgrade) |
| 19:41 | Create | Villager (Male) |
| 19:47 | Create | Militia |
| 20:00 | Create | Villager (Male) |
| 20:04 | Build | House |
| 20:05 | Build | House |
| 20:17 | Create | Militia |
| 20:31 | Create | Villager (Male) |
| 20:36 | Build | Farm |
| 20:41 | Build | Farm |
| 20:42 | Build | Farm |
| 20:42 | Build | Farm |
| 20:42 | Build | Farm |
| 20:48 | Build | Farm |
| 20:51 | Build | Farm |
| 20:55 | Create | Villager (Male) |
| 20:56 | Create | Militia |
| 21:06 | Build | House |
| 21:07 | Build | House |
| 21:09 | Build | House |
| 21:10 | Create | Villager (Male) |
| 21:10 | Create | Villager (Male) |
| 21:19 | Create | Militia |
| 21:22 | Build | Farm |
| 21:36 | Create | Villager (Male) |
| 22:04 | Create | Villager (Male) |
| 22:05 | Create | Militia |
| 22:10 | Create | Militia |
| 22:28 | Create | Villager (Male) |
| 22:32 | Build | House |
| 22:33 | Build | House |
| 22:57 | Create | Villager (Male) |
| 23:01 | Research | Pikeman (upgrade) |
| 23:02 | Create | Spearman |
| 23:03 | Create | Villager (Male) |
| 23:14 | Create | Villager (Male) |
| 23:26 | Create | Spearman |
| 23:26 | Create | Spearman |
| 23:28 | Create | Spearman |
| 23:29 | Create | Spearman |
| 23:36 | Create | Unit 1105 |
| 23:43 | Create | Villager (Male) |
| 23:46 | Build | Siege Workshop |
| 23:49 | Create | Villager (Male) |
| 23:57 | Build | Barracks |
| 24:35 | Create | Militia |
| 24:36 | Research | Squires |
Build order — ElMelvin49
137 actions detected in the replay
| 0:02 | Create | Villager (Male) |
| 0:12 | Build | House |
| 0:14 | Build | House |
| 0:17 | Build | House |
| 0:18 | Build | House |
| 0:23 | Research | Loom |
| 0:24 | Create | Villager (Male) ×3 |
| 1:04 | Build | Lumber Camp |
| 1:32 | Build | Lumber Camp |
| 1:34 | Create | Villager (Male) |
| 2:30 | Create | Villager (Male) |
| 2:41 | Create | Villager (Male) |
| 3:20 | Create | Villager (Male) |
| 3:20 | Create | Villager (Male) |
| 3:38 | Create | Villager (Male) |
| 3:56 | Create | Villager (Male) |
| 4:35 | Create | Villager (Male) |
| 4:49 | Build | Mill |
| 4:53 | Create | Villager (Male) |
| 5:29 | Create | Villager (Male) |
| 5:53 | Create | Villager (Male) |
| 6:08 | Create | Villager (Male) |
| 6:17 | Create | Villager (Male) |
| 6:34 | Create | Villager (Male) |
| 6:58 | Create | Villager (Male) |
| 7:35 | Create | Villager (Male) |
| 7:35 | Create | Villager (Male) |
| 7:36 | Create | Villager (Male) |
| 7:36 | Create | Villager (Male) |
| 9:09 | Research | Feudal Age |
| 9:46 | Build | House |
| 10:03 | Build | House |
| 10:05 | Build | House |
| 10:35 | Build | Mill |
| 10:37 | Create | Villager (Male) |
| 10:37 | Create | Villager (Male) |
| 10:39 | Create | Villager (Male) |
| 10:54 | Research | Horse Collar |
| 11:04 | Build | Barracks |
| 11:17 | Create | Villager (Male) |
| 11:25 | Build | Farm |
| 11:26 | Build | Farm |
| 11:26 | Build | Farm |
| 11:26 | Build | Farm |
| 11:26 | Build | Farm |
| 11:28 | Build | Farm |
| 11:33 | Build | Farm |
| 11:37 | Create | Villager (Male) |
| 11:44 | Build | Mining Camp |
| 12:16 | Create | Villager (Male) |
| 12:34 | Build | Archery Range |
| 12:37 | Create | Villager (Male) |
| 12:51 | Build | Farm |
| 13:05 | Build | Stable |
| 13:08 | Create | Villager (Male) |
| 13:12 | Build | Farm |
| 13:14 | Create | Villager (Male) |
| 13:38 | Create | Villager (Male) |
| 13:53 | Build | Blacksmith |
| 14:06 | Build | Farm |
| 14:13 | Build | Farm |
| 14:15 | Create | Villager (Male) |
| 14:26 | Build | Farm |
| 14:34 | Build | House |
| 14:35 | Build | House |
| 14:36 | Build | House |
| 14:40 | Create | Villager (Male) |
| 14:50 | Create | Villager (Male) |
| 14:51 | Create | Villager (Male) |
| 15:01 | Build | Farm |
| 15:20 | Build | Farm |
| 15:45 | Build | Farm |
| 16:15 | Build | Farm |
| 16:30 | Research | Castle Age |
| 16:42 | Create | Spearman |
| 16:44 | Create | Spearman |
| 16:51 | Build | House |
| 16:54 | Build | House |
| 16:56 | Build | House |
| 16:58 | Build | House |
| 17:35 | Research | Double-Bit Axe |
| 17:45 | Research | Gold Mining |
| 17:48 | Research | Forging |
| 18:11 | Create | Villager (Male) |
| 18:11 | Create | Villager (Male) |
| 18:17 | Create | Battle Elephant |
| 18:32 | Build | Town Center |
| 18:34 | Create | Villager (Male) |
| 18:34 | Create | Villager (Male) |
| 18:43 | Create | Battle Elephant |
| 19:01 | Research | Scale Barding Armor |
| 19:17 | Research | Stone Mining |
| 19:29 | Create | Villager (Male) |
| 19:44 | Create | Villager (Male) |
| 19:55 | Create | Battle Elephant |
| 19:58 | Create | Villager (Male) |
| 20:14 | Create | Battle Elephant |
| 20:21 | Create | Villager (Male) |
| 20:26 | Build | Farm |
| 20:37 | Create | Villager (Male) |
| 20:37 | Create | Villager (Male) |
| 20:58 | Create | Battle Elephant ×2 |
| 21:07 | Create | Villager (Male) |
| 21:12 | Create | Villager (Male) |
| 21:12 | Create | Villager (Male) |
| 21:34 | Create | Villager (Male) |
| 21:34 | Create | Villager (Male) |
| 21:48 | Build | Town Center |
| 21:54 | Research | Wheelbarrow |
| 21:54 | Create | Villager (Male) |
| 22:43 | Build | Gate |
| 22:48 | Create | Battle Elephant |
| 22:48 | Create | Battle Elephant |
| 23:00 | Build | Stone Wall |
| 23:19 | Create | Villager (Male) |
| 23:19 | Create | Villager (Male) |
| 23:28 | Create | Villager (Male) |
| 23:28 | Create | Villager (Male) |
| 23:28 | Create | Villager (Male) |
| 23:28 | Create | Villager (Male) |
| 23:38 | Build | Mining Camp |
| 23:45 | Research | Elite Skirmisher (upgrade) |
| 23:54 | Build | Stone Wall |
| 24:16 | Create | Villager (Male) |
| 24:16 | Create | Villager (Male) |
| 24:16 | Create | Villager (Male) |
| 24:17 | Create | Villager (Male) |
| 24:17 | Create | Villager (Male) |
| 24:17 | Create | Villager (Male) |
| 24:17 | Create | Villager (Male) |
| 24:17 | Create | Villager (Male) |
| 24:17 | Create | Villager (Male) |
| 24:24 | Create | Skirmisher ×2 |
| 24:36 | Build | Mining Camp |
| 25:10 | Create | Skirmisher ×12 |
| 25:24 | Build | Castle |
| 25:36 | Create | Skirmisher ×3 |
Build order — VaultBoy
First 150 of 261 actions detected
| 0:05 | Research | Loom |
| 0:07 | Build | House |
| 0:09 | Build | House |
| 0:15 | Create | Villager (Male) |
| 0:16 | Create | Villager (Male) |
| 0:16 | Create | Villager (Male) |
| 1:32 | Create | Villager (Male) |
| 1:32 | Create | Villager (Male) |
| 2:01 | Create | Villager (Male) |
| 2:02 | Create | Villager (Male) |
| 2:17 | Build | Lumber Camp |
| 2:25 | Create | Villager (Male) |
| 2:25 | Create | Villager (Male) |
| 3:03 | Create | Villager (Male) |
| 3:03 | Create | Villager (Male) |
| 3:03 | Create | Villager (Male) |
| 3:52 | Create | Villager (Male) |
| 3:53 | Create | Villager (Male) |
| 3:54 | Create | Villager (Male) |
| 3:54 | Create | Villager (Male) |
| 3:58 | Build | House |
| 4:05 | Build | House |
| 4:07 | Build | House |
| 4:32 | Create | Villager (Male) |
| 4:32 | Create | Villager (Male) |
| 4:53 | Build | Mill |
| 5:05 | Create | Villager (Male) |
| 5:06 | Create | Villager (Male) |
| 5:06 | Create | Villager (Male) |
| 5:06 | Create | Villager (Male) |
| 5:18 | Create | Villager (Male) |
| 5:19 | Create | Villager (Male) |
| 5:38 | Create | Villager (Male) |
| 6:43 | Build | Mill |
| 6:47 | Create | Villager (Male) |
| 7:01 | Create | Villager (Male) |
| 7:02 | Create | Villager (Male) |
| 7:42 | Build | Mining Camp |
| 8:13 | Research | Feudal Age |
| 8:58 | Build | House |
| 8:59 | Build | House |
| 9:35 | Create | Villager (Male) |
| 9:35 | Create | Villager (Male) |
| 10:23 | Age | Feudal Age |
| 10:28 | Build | Blacksmith |
| 10:31 | Build | Market |
| 11:14 | Create | Villager (Male) |
| 11:52 | Research | Castle Age |
| 11:53 | Research | Castle Age |
| 12:12 | Research | Double-Bit Axe |
| 12:24 | Research | Horse Collar |
| 12:28 | Build | Mining Camp |
| 12:59 | Build | Farm |
| 13:01 | Build | Farm |
| 13:14 | Build | Farm |
| 13:50 | Research | Stone Mining |
| 14:29 | Research | Gold Mining |
| 14:32 | Age | Castle Age |
| 14:34 | Create | Villager (Male) |
| 14:35 | Create | Villager (Male) |
| 14:41 | Build | Barracks |
| 14:59 | Build | Siege Workshop |
| 15:10 | Create | Villager (Male) |
| 15:11 | Create | Villager (Male) |
| 15:26 | Build | Stone Wall |
| 15:36 | Build | Stone Wall |
| 15:48 | Build | Stone Wall |
| 15:55 | Create | Villager (Male) |
| 16:04 | Create | Villager (Male) |
| 16:30 | Create | Mangonel |
| 16:38 | Build | Castle |
| 17:06 | Create | Villager (Male) |
| 17:06 | Create | Villager (Male) |
| 17:34 | Build | Stone Wall |
| 17:45 | Create | Plumed Archer |
| 17:46 | Create | Plumed Archer |
| 17:46 | Create | Plumed Archer |
| 18:10 | Research | Fletching |
| 18:45 | Create | Plumed Archer |
| 18:46 | Create | Plumed Archer |
| 18:46 | Create | Plumed Archer |
| 18:50 | Create | Villager (Male) |
| 18:50 | Create | Villager (Male) |
| 18:50 | Create | Villager (Male) |
| 19:39 | Create | Villager (Male) |
| 19:44 | Build | Farm |
| 20:05 | Create | Villager (Male) |
| 20:05 | Create | Villager (Male) |
| 20:09 | Build | Farm |
| 20:12 | Build | Farm |
| 20:15 | Build | Farm |
| 20:17 | Build | Farm |
| 20:24 | Create | Plumed Archer |
| 20:25 | Create | Plumed Archer |
| 20:25 | Create | Plumed Archer |
| 20:25 | Create | Plumed Archer |
| 20:25 | Create | Plumed Archer |
| 20:25 | Create | Plumed Archer |
| 20:26 | Create | Plumed Archer |
| 20:37 | Build | Farm |
| 20:45 | Build | Farm |
| 21:08 | Create | Mangonel |
| 21:19 | Build | Farm |
| 21:45 | Build | University |
| 21:47 | Research | Bodkin Arrow |
| 22:20 | Create | Plumed Archer |
| 22:21 | Create | Plumed Archer |
| 22:21 | Create | Plumed Archer |
| 22:22 | Create | Villager (Male) |
| 22:22 | Create | Villager (Male) |
| 22:57 | Research | Ballistics |
| 23:06 | Research | Padded Archer Armor |
| 23:10 | Build | Farm |
| 23:12 | Build | Farm |
| 23:13 | Create | Villager (Male) |
| 23:13 | Create | Villager (Male) |
| 23:13 | Create | Villager (Male) |
| 23:18 | Build | House |
| 23:27 | Build | Farm |
| 23:53 | Create | Villager (Male) |
| 23:54 | Create | Villager (Male) |
| 24:24 | Build | House |
| 24:40 | Build | Lumber Camp |
| 24:44 | Create | Petard |
| 24:44 | Create | Petard |
| 25:37 | Create | Plumed Archer |
| 25:37 | Create | Plumed Archer |
| 25:37 | Create | Plumed Archer |
| 25:43 | Create | Villager (Male) |
| 25:43 | Create | Villager (Male) |
| 25:46 | Build | House |
| 25:47 | Build | House |
| 25:47 | Build | House |
| 25:50 | Research | Bow Saw |
| 25:57 | Create | Plumed Archer |
| 25:57 | Create | Plumed Archer |
| 26:17 | Build | House |
| 26:18 | Build | House |
| 26:19 | Build | House |
| 26:19 | Build | House |
| 26:24 | Build | Farm |
| 27:11 | Create | Plumed Archer |
| 27:11 | Create | Plumed Archer |
| 27:11 | Create | Plumed Archer |
| 27:11 | Create | Plumed Archer |
| 27:40 | Create | Plumed Archer |
| 27:41 | Create | Plumed Archer |
| 27:41 | Create | Plumed Archer |
| 27:41 | Create | Plumed Archer |
| 27:49 | Build | Barracks |
Build order — 小R
First 150 of 292 actions detected
| 0:01 | Create | Villager (Male) |
| 0:01 | Create | Villager (Male) |
| 0:01 | Create | Villager (Male) |
| 0:03 | Build | House |
| 0:04 | Build | House |
| 0:17 | Create | Villager (Male) |
| 0:17 | Create | Villager (Male) |
| 1:11 | Create | Villager (Male) |
| 1:11 | Create | Villager (Male) |
| 1:11 | Create | Villager (Male) |
| 1:46 | Build | Lumber Camp |
| 1:51 | Research | Loom |
| 1:52 | Research | Loom |
| 1:53 | Create | Villager (Male) |
| 1:53 | Create | Villager (Male) |
| 2:15 | Create | Villager (Male) |
| 2:32 | Create | Villager (Male) |
| 2:32 | Create | Villager (Male) |
| 2:48 | Create | Villager (Male) |
| 2:49 | Create | Villager (Male) |
| 2:59 | Build | House |
| 3:00 | Build | House |
| 3:05 | Create | Villager (Male) |
| 3:06 | Create | Villager (Male) |
| 3:39 | Create | Villager (Male) |
| 3:39 | Create | Villager (Male) |
| 3:50 | Create | Villager (Male) |
| 3:51 | Create | Villager (Male) |
| 3:56 | Build | House |
| 4:26 | Create | Villager (Male) |
| 4:32 | Create | Villager (Male) |
| 4:32 | Create | Villager (Male) |
| 4:33 | Create | Villager (Male) |
| 4:33 | Create | Villager (Male) |
| 4:33 | Create | Villager (Male) |
| 4:41 | Build | Mill |
| 5:54 | Create | Villager (Male) |
| 5:54 | Create | Villager (Male) |
| 5:54 | Create | Villager (Male) |
| 6:35 | Create | Villager (Male) |
| 7:18 | Build | Mining Camp |
| 7:47 | Research | Feudal Age |
| 7:47 | Research | Feudal Age |
| 8:58 | Create | Villager (Male) |
| 8:58 | Create | Villager (Male) |
| 10:05 | Build | Mining Camp |
| 10:56 | Age | Feudal Age |
| 11:01 | Build | Market |
| 11:05 | Build | Blacksmith |
| 11:13 | Research | Loom |
| 11:14 | Research | Loom |
| 11:21 | Create | Villager (Male) |
| 11:31 | Research | Double-Bit Axe |
| 11:52 | Research | Castle Age |
| 11:52 | Research | Castle Age |
| 11:53 | Research | Castle Age |
| 12:02 | Research | Loom |
| 12:02 | Research | Loom |
| 12:08 | Research | Horse Collar |
| 12:57 | Research | Fletching |
| 12:57 | Research | Fletching |
| 13:38 | Build | Farm |
| 13:39 | Build | Farm |
| 13:57 | Build | House |
| 14:20 | Build | House |
| 14:32 | Age | Castle Age |
| 14:38 | Build | Castle |
| 14:48 | Build | Palisade Wall |
| 14:52 | Build | Palisade Gate |
| 15:01 | Create | Villager (Male) |
| 15:16 | Create | Villager (Male) |
| 15:39 | Create | Villager (Male) |
| 15:49 | Create | Mangudai |
| 15:49 | Create | Mangudai |
| 15:50 | Create | Mangudai |
| 16:01 | Build | Siege Workshop |
| 16:03 | Build | Mining Camp |
| 16:11 | Build | Farm |
| 16:12 | Build | Farm |
| 16:27 | Create | Mangudai |
| 17:13 | Create | Villager (Male) |
| 17:58 | Create | Villager (Male) |
| 17:59 | Create | Villager (Male) |
| 18:01 | Create | Battering Ram |
| 18:01 | Create | Battering Ram |
| 18:09 | Create | Villager (Male) |
| 18:12 | Build | Farm |
| 18:12 | Build | Farm |
| 18:12 | Build | Farm |
| 18:13 | Build | Farm |
| 18:13 | Build | Farm |
| 18:13 | Build | Farm |
| 18:13 | Build | Farm |
| 18:13 | Build | Farm |
| 19:24 | Create | Villager (Male) |
| 19:24 | Create | Villager (Male) |
| 19:24 | Create | Villager (Male) |
| 19:33 | Build | Farm |
| 20:08 | Create | Villager (Male) |
| 20:11 | Build | Farm |
| 20:17 | Create | Mangonel |
| 20:23 | Build | Gate |
| 20:31 | Build | Stone Wall |
| 20:32 | Build | Stone Wall |
| 20:34 | Build | Stone Wall |
| 20:35 | Build | Stone Wall |
| 20:36 | Build | Stone Wall |
| 20:36 | Build | Stone Wall |
| 20:42 | Build | Gate |
| 20:48 | Build | Stone Wall |
| 20:51 | Create | Villager (Male) |
| 20:52 | Create | Villager (Male) |
| 20:57 | Build | Farm |
| 21:21 | Create | Villager (Male) |
| 21:25 | Create | Mangudai |
| 21:46 | Create | Villager (Male) |
| 22:12 | Create | Villager (Male) |
| 22:41 | Create | Mangudai |
| 23:09 | Research | Imperial Age |
| 23:09 | Research | Imperial Age |
| 23:09 | Research | Imperial Age |
| 24:02 | Research | Bow Saw |
| 24:49 | Research | Gold Mining |
| 25:39 | Create | Villager (Male) |
| 25:39 | Create | Villager (Male) |
| 25:57 | Build | Gate |
| 25:59 | Research | Bodkin Arrow |
| 26:11 | Build | Stone Wall |
| 26:12 | Build | Stone Wall |
| 26:18 | Age | Imperial Age |
| 26:23 | Build | Gate |
| 26:24 | Create | Trebuchet (Packed) |
| 26:33 | Create | Trebuchet (Packed) |
| 27:58 | Build | Gate |
| 28:00 | Build | House |
| 28:04 | Build | Gate |
| 28:06 | Build | Stone Wall |
| 28:18 | Build | House |
| 28:24 | Build | Mining Camp |
| 28:41 | Build | Gate |
| 29:01 | Build | Castle |
| 29:04 | Build | House |
| 29:16 | Build | Gate |
| 29:20 | Build | Gate |
| 29:26 | Build | Gate |
| 29:29 | Build | Mining Camp |
| 29:47 | Build | House |
| 30:15 | Create | Villager (Male) |
| 30:15 | Create | Villager (Male) |
| 30:37 | Build | Gate |
Build order — 洛阳一根棍
First 150 of 577 actions detected
| 0:01 | Create | Villager (Male) |
| 0:02 | Create | Villager (Male) |
| 0:02 | Create | Villager (Male) |
| 0:03 | Build | House |
| 0:04 | Build | House |
| 0:05 | Build | House |
| 0:42 | Build | Lumber Camp |
| 1:23 | Create | Villager (Male) |
| 1:24 | Create | Villager (Male) |
| 1:49 | Create | Villager (Male) |
| 1:49 | Create | Villager (Male) |
| 2:12 | Research | Loom |
| 2:30 | Create | Villager (Male) |
| 2:51 | Create | Villager (Male) |
| 2:51 | Create | Villager (Male) |
| 3:34 | Build | Mill |
| 3:45 | Create | Villager (Male) |
| 3:45 | Create | Villager (Male) |
| 3:45 | Create | Villager (Male) |
| 4:20 | Create | Villager (Male) |
| 4:48 | Create | Villager (Male) |
| 4:49 | Create | Villager (Male) |
| 5:32 | Build | Mining Camp |
| 5:42 | Create | Villager (Male) |
| 5:42 | Create | Villager (Male) |
| 5:43 | Create | Villager (Male) |
| 6:09 | Build | House |
| 6:10 | Build | House |
| 6:12 | Build | House |
| 6:17 | Build | House |
| 6:19 | Build | House |
| 6:36 | Create | Villager (Male) |
| 7:13 | Create | Villager (Male) |
| 7:13 | Create | Villager (Male) |
| 7:14 | Create | Villager (Male) |
| 7:14 | Create | Villager (Male) |
| 7:14 | Create | Villager (Male) |
| 7:14 | Create | Villager (Male) |
| 9:12 | Create | Villager (Male) |
| 9:22 | Build | Mill |
| 9:33 | Build | Mill |
| 9:47 | Create | Villager (Male) |
| 10:07 | Research | Feudal Age |
| 10:10 | Build | Farm |
| 10:11 | Build | Farm |
| 10:12 | Build | Farm |
| 10:13 | Build | Farm |
| 10:46 | Create | Villager (Male) |
| 10:46 | Create | Villager (Male) |
| 10:46 | Create | Villager (Male) |
| 12:22 | Age | Feudal Age |
| 12:24 | Build | Market |
| 12:39 | Build | Blacksmith |
| 12:56 | Build | Lumber Camp |
| 13:04 | Build | Farm |
| 13:38 | Research | Castle Age |
| 14:03 | Research | Double-Bit Axe |
| 14:06 | Research | Horse Collar |
| 15:29 | Research | Wheelbarrow |
| 16:13 | Build | Mining Camp |
| 16:18 | Age | Castle Age |
| 16:23 | Build | Town Center |
| 16:28 | Build | Town Center |
| 16:43 | Research | Bow Saw |
| 16:45 | Research | Heavy Plow |
| 16:47 | Create | Villager (Male) |
| 16:50 | Build | Farm |
| 16:50 | Build | Farm |
| 16:52 | Build | Farm |
| 17:32 | Build | Siege Workshop |
| 17:37 | Create | Villager (Male) |
| 17:38 | Create | Villager (Male) |
| 17:51 | Build | Farm |
| 17:52 | Build | Farm |
| 17:54 | Create | Villager (Male) |
| 18:18 | Build | Barracks |
| 18:21 | Create | Villager (Male) |
| 18:21 | Create | Villager (Male) |
| 18:32 | Build | University |
| 18:39 | Build | Farm |
| 18:40 | Build | Farm |
| 18:42 | Build | Farm |
| 18:44 | Create | Villager (Male) |
| 18:44 | Create | Villager (Male) |
| 18:50 | Build | Farm |
| 18:51 | Build | Farm |
| 18:52 | Build | Farm |
| 18:59 | Create | Villager (Male) |
| 19:12 | Build | Archery Range |
| 19:16 | Create | Villager (Male) |
| 19:34 | Build | House |
| 19:36 | Build | House |
| 19:37 | Build | House |
| 19:38 | Build | House |
| 19:39 | Build | House |
| 20:03 | Build | Archery Range |
| 20:14 | Research | Chemistry |
| 20:24 | Build | Farm |
| 20:25 | Build | Farm |
| 20:27 | Build | Farm |
| 20:28 | Create | Villager (Male) |
| 20:28 | Create | Villager (Male) |
| 20:29 | Create | Villager (Male) |
| 20:46 | Build | Farm |
| 20:52 | Create | Villager (Male) |
| 20:52 | Create | Villager (Male) |
| 20:52 | Create | Villager (Male) |
| 20:52 | Create | Villager (Male) |
| 21:04 | Build | Farm |
| 21:05 | Build | Farm |
| 21:06 | Create | Villager (Male) |
| 21:07 | Create | Villager (Male) |
| 21:21 | Build | Archery Range |
| 21:28 | Create | Villager (Male) |
| 21:28 | Create | Villager (Male) |
| 21:28 | Create | Villager (Male) |
| 21:28 | Create | Villager (Male) |
| 21:39 | Create | Villager (Male) |
| 21:39 | Create | Villager (Male) |
| 21:42 | Create | Villager (Male) |
| 21:56 | Build | Farm |
| 21:57 | Build | Farm |
| 21:58 | Build | Farm |
| 21:59 | Create | Villager (Male) |
| 21:59 | Create | Villager (Male) |
| 22:00 | Create | Villager (Male) |
| 22:01 | Create | Villager (Male) |
| 22:01 | Create | Villager (Male) |
| 22:11 | Build | House |
| 22:13 | Build | House |
| 22:16 | Build | House |
| 22:17 | Build | House |
| 22:18 | Build | House |
| 22:19 | Build | House |
| 22:20 | Build | House |
| 22:22 | Create | Villager (Male) |
| 22:22 | Create | Villager (Male) |
| 22:34 | Create | Hand Cannoneer |
| 22:34 | Create | Hand Cannoneer |
| 22:34 | Create | Hand Cannoneer |
| 22:35 | Create | Hand Cannoneer |
| 22:37 | Create | Hand Cannoneer |
| 22:37 | Create | Hand Cannoneer |
| 22:49 | Create | Villager (Male) |
| 22:50 | Create | Villager (Male) |
| 23:03 | Create | Villager (Male) |
| 23:04 | Create | Villager (Male) |
| 23:04 | Create | Villager (Male) |
| 23:09 | Build | Farm |
| 23:10 | Build | Farm |
Build order — DaGLeS
First 150 of 728 actions detected
| 0:01 | Create | Villager (Male) |
| 0:01 | Create | Villager (Male) |
| 0:01 | Create | Villager (Male) |
| 0:01 | Create | Villager (Male) |
| 0:04 | Build | House |
| 0:06 | Build | House |
| 0:20 | Build | House |
| 1:35 | Create | Villager (Male) |
| 1:35 | Create | Villager (Male) |
| 1:45 | Build | Lumber Camp |
| 1:55 | Create | Villager (Male) |
| 1:55 | Create | Villager (Male) |
| 2:22 | Create | Villager (Male) |
| 2:22 | Create | Villager (Male) |
| 2:49 | Create | Villager (Male) |
| 2:50 | Create | Villager (Male) |
| 3:08 | Create | Villager (Male) |
| 3:34 | Create | Villager (Male) |
| 3:34 | Create | Villager (Male) |
| 3:50 | Build | Mill |
| 4:12 | Create | Villager (Male) |
| 4:12 | Create | Villager (Male) |
| 4:25 | Create | Villager (Male) |
| 4:25 | Create | Villager (Male) |
| 4:47 | Create | Villager (Male) |
| 4:48 | Create | Villager (Male) |
| 5:09 | Create | Villager (Male) |
| 5:10 | Create | Villager (Male) |
| 5:11 | Build | House |
| 5:39 | Create | Villager (Male) |
| 5:40 | Create | Villager (Male) |
| 5:40 | Create | Villager (Male) |
| 6:01 | Create | Villager (Male) |
| 6:42 | Build | Farm |
| 6:48 | Build | Farm |
| 7:04 | Create | Villager (Male) |
| 7:05 | Create | Villager (Male) |
| 7:05 | Create | Villager (Male) |
| 7:23 | Build | Mill |
| 8:07 | Build | Mining Camp |
| 8:14 | Create | Villager (Male) |
| 8:43 | Build | House |
| 8:50 | Research | Feudal Age |
| 8:50 | Research | Feudal Age |
| 9:44 | Build | Farm |
| 10:04 | Create | Villager (Male) |
| 10:05 | Create | Villager (Male) |
| 11:00 | Age | Feudal Age |
| 11:02 | Build | Market |
| 11:04 | Build | Blacksmith |
| 12:00 | Research | Castle Age |
| 12:00 | Research | Castle Age |
| 12:00 | Research | Castle Age |
| 12:53 | Research | Double-Bit Axe |
| 12:53 | Research | Double-Bit Axe |
| 12:56 | Research | Horse Collar |
| 12:56 | Research | Horse Collar |
| 13:08 | Build | Farm |
| 13:09 | Build | Farm |
| 14:20 | Create | Villager (Male) |
| 14:21 | Create | Villager (Male) |
| 14:40 | Age | Castle Age |
| 14:41 | Build | Town Center |
| 14:47 | Build | Town Center |
| 14:47 | Create | Villager (Male) |
| 14:52 | Research | Bow Saw |
| 14:52 | Research | Bow Saw |
| 15:22 | Build | Farm |
| 15:25 | Create | Villager (Male) |
| 15:34 | Build | House |
| 15:34 | Build | House |
| 15:51 | Create | Villager (Male) |
| 15:51 | Create | Villager (Male) |
| 15:56 | Build | Farm |
| 16:02 | Create | Villager (Male) |
| 16:03 | Create | Villager (Male) |
| 16:05 | Create | Villager (Male) |
| 16:05 | Create | Villager (Male) |
| 16:15 | Build | Farm |
| 16:16 | Create | Villager (Male) |
| 16:17 | Create | Villager (Male) |
| 16:30 | Build | Farm |
| 16:33 | Build | Farm |
| 16:41 | Build | Farm |
| 16:42 | Create | Villager (Male) |
| 16:42 | Create | Villager (Male) |
| 16:51 | Create | Villager (Male) |
| 16:51 | Create | Villager (Male) |
| 16:51 | Create | Villager (Male) |
| 16:55 | Build | Farm |
| 16:57 | Build | Farm |
| 17:05 | Create | Villager (Male) |
| 17:06 | Create | Villager (Male) |
| 17:08 | Build | Farm |
| 17:11 | Build | Farm |
| 17:17 | Build | Farm |
| 17:20 | Create | Villager (Male) |
| 17:20 | Create | Villager (Male) |
| 17:20 | Create | Villager (Male) |
| 17:29 | Build | Farm |
| 17:32 | Build | Farm |
| 17:35 | Build | Farm |
| 17:36 | Create | Villager (Male) |
| 17:36 | Create | Villager (Male) |
| 17:42 | Build | House |
| 17:48 | Build | Farm |
| 17:49 | Create | Villager (Male) |
| 17:49 | Create | Villager (Male) |
| 17:53 | Build | Farm |
| 18:01 | Create | Villager (Male) |
| 18:01 | Create | Villager (Male) |
| 18:05 | Create | Villager (Male) |
| 18:05 | Create | Villager (Male) |
| 18:06 | Create | Villager (Male) |
| 18:20 | Build | Farm |
| 18:22 | Build | Farm |
| 18:27 | Build | Farm |
| 18:27 | Create | Villager (Male) |
| 18:27 | Create | Villager (Male) |
| 18:28 | Create | Villager (Male) |
| 18:28 | Create | Villager (Male) |
| 18:31 | Build | Farm |
| 18:32 | Create | Villager (Male) |
| 18:32 | Create | Villager (Male) |
| 18:33 | Create | Villager (Male) |
| 18:34 | Create | Villager (Male) |
| 18:35 | Create | Villager (Male) |
| 18:37 | Build | Farm |
| 18:42 | Build | House |
| 18:43 | Build | House |
| 18:51 | Create | Villager (Male) |
| 18:51 | Create | Villager (Male) |
| 18:51 | Create | Villager (Male) |
| 18:56 | Research | Wheelbarrow |
| 18:56 | Research | Wheelbarrow |
| 18:56 | Research | Wheelbarrow |
| 19:02 | Build | Farm |
| 19:04 | Create | Villager (Male) |
| 19:04 | Create | Villager (Male) |
| 19:05 | Create | Villager (Male) |
| 19:16 | Create | Villager (Male) |
| 19:16 | Create | Villager (Male) |
| 19:22 | Build | House |
| 19:23 | Create | Villager (Male) |
| 19:23 | Create | Villager (Male) |
| 19:28 | Create | Villager (Male) |
| 19:28 | Create | Villager (Male) |
| 19:28 | Create | Villager (Male) |
| 19:34 | Create | Villager (Male) |
| 19:34 | Create | Villager (Male) |
Build order — 一点通
First 150 of 348 actions detected
| 0:01 | Create | Villager (Male) |
| 0:02 | Create | Villager (Male) |
| 0:02 | Create | Villager (Male) |
| 0:02 | Create | Villager (Male) |
| 0:02 | Create | Villager (Male) |
| 1:37 | Create | Villager (Male) |
| 1:37 | Create | Villager (Male) |
| 1:46 | Build | Lumber Camp |
| 2:11 | Create | Villager (Male) |
| 2:11 | Create | Villager (Male) |
| 2:11 | Create | Villager (Male) |
| 2:44 | Create | Villager (Male) |
| 2:45 | Create | Villager (Male) |
| 2:45 | Create | Villager (Male) |
| 3:52 | Create | Villager (Male) |
| 3:52 | Create | Villager (Male) |
| 3:53 | Create | Villager (Male) |
| 4:14 | Create | Villager (Male) |
| 4:14 | Create | Villager (Male) |
| 4:36 | Build | Mill |
| 4:51 | Create | Villager (Male) |
| 5:26 | Create | Villager (Male) |
| 5:27 | Create | Villager (Male) |
| 5:27 | Create | Villager (Male) |
| 5:27 | Create | Villager (Male) |
| 5:27 | Create | Villager (Male) |
| 6:01 | Create | Villager (Male) |
| 6:05 | Build | Farm |
| 6:07 | Build | Farm |
| 7:23 | Create | Villager (Male) |
| 7:54 | Create | Villager (Male) |
| 7:54 | Create | Villager (Male) |
| 8:39 | Build | Mining Camp |
| 8:51 | Research | Feudal Age |
| 8:58 | Build | Farm |
| 10:28 | Create | Villager (Male) |
| 10:28 | Create | Villager (Male) |
| 11:02 | Age | Feudal Age |
| 11:05 | Build | Market |
| 11:08 | Build | Blacksmith |
| 11:53 | Research | Castle Age |
| 12:00 | Research | Double-Bit Axe |
| 12:26 | Research | Horse Collar |
| 13:06 | Create | Villager (Male) |
| 13:06 | Create | Villager (Male) |
| 13:49 | Build | Lumber Camp |
| 14:08 | Build | Lumber Camp |
| 14:33 | Age | Castle Age |
| 14:46 | Build | Town Center |
| 14:48 | Create | Villager (Male) |
| 14:49 | Create | Villager (Male) |
| 14:57 | Build | Town Center |
| 15:00 | Create | Villager (Male) |
| 15:12 | Build | Monastery |
| 15:38 | Build | Farm |
| 16:04 | Research | Bow Saw |
| 16:06 | Create | Monk |
| 16:13 | Create | Villager (Male) |
| 16:14 | Create | Villager (Male) |
| 16:30 | Create | Villager (Male) |
| 16:40 | Build | Farm |
| 16:43 | Build | Farm |
| 16:44 | Build | Farm |
| 16:58 | Build | Farm |
| 17:03 | Create | Villager (Male) |
| 17:03 | Create | Villager (Male) |
| 17:04 | Create | Villager (Male) |
| 17:06 | Build | Farm |
| 17:09 | Build | Farm |
| 17:10 | Build | Farm |
| 17:18 | Build | Farm |
| 17:22 | Create | Villager (Male) |
| 17:30 | Build | Farm |
| 17:32 | Build | Farm |
| 17:43 | Build | Farm |
| 17:57 | Create | Villager (Male) |
| 17:57 | Create | Villager (Male) |
| 17:58 | Create | Villager (Male) |
| 18:04 | Build | Farm |
| 18:07 | Create | Villager (Male) |
| 18:24 | Create | Villager (Male) |
| 18:28 | Build | Farm |
| 18:28 | Build | Farm |
| 18:29 | Build | Farm |
| 18:29 | Build | Farm |
| 18:30 | Build | Farm |
| 18:31 | Build | Farm |
| 18:32 | Build | Farm |
| 18:35 | Create | Villager (Male) |
| 18:35 | Create | Villager (Male) |
| 18:36 | Create | Villager (Male) |
| 18:42 | Build | Farm |
| 18:46 | Build | Farm |
| 18:54 | Create | Villager (Male) |
| 18:59 | Build | Farm |
| 19:00 | Build | Farm |
| 19:02 | Build | Farm |
| 19:03 | Build | Farm |
| 19:04 | Create | Villager (Male) |
| 19:26 | Create | Villager (Male) |
| 19:26 | Create | Villager (Male) |
| 19:27 | Create | Villager (Male) |
| 19:27 | Create | Villager (Male) |
| 19:43 | Create | Villager (Male) |
| 19:52 | Create | Villager (Male) |
| 19:53 | Create | Villager (Male) |
| 19:54 | Create | Villager (Male) |
| 19:55 | Create | Villager (Male) |
| 20:00 | Build | Mill |
| 20:01 | Build | Farm |
| 20:01 | Build | Farm |
| 20:01 | Build | Farm |
| 20:01 | Build | Farm |
| 20:01 | Build | Farm |
| 20:02 | Build | Farm |
| 20:05 | Create | Villager (Male) |
| 20:10 | Build | Farm |
| 20:11 | Build | Farm |
| 20:16 | Create | Villager (Male) |
| 20:31 | Create | Villager (Male) |
| 20:39 | Build | Farm |
| 20:44 | Research | Heavy Plow |
| 20:45 | Create | Villager (Male) |
| 20:45 | Create | Villager (Male) |
| 20:51 | Create | Villager (Male) |
| 20:57 | Build | Mill |
| 20:58 | Build | Farm |
| 21:05 | Create | Villager (Male) |
| 21:08 | Create | Villager (Male) |
| 21:11 | Create | Villager (Male) |
| 21:15 | Create | Villager (Male) |
| 21:16 | Create | Villager (Male) |
| 21:18 | Create | Villager (Male) |
| 21:24 | Create | Villager (Male) |
| 21:34 | Build | Mining Camp |
| 21:46 | Create | Villager (Male) |
| 21:47 | Create | Villager (Male) |
| 21:55 | Build | University |
| 21:58 | Create | Villager (Male) |
| 22:02 | Create | Villager (Male) |
| 22:15 | Build | Barracks |
| 22:16 | Create | Villager (Male) |
| 22:20 | Research | Wheelbarrow |
| 22:33 | Create | Villager (Male) |
| 22:34 | Create | Villager (Male) |
| 22:57 | Create | Villager (Male) |
| 23:06 | Build | Farm |
| 23:15 | Build | Stable |
| 23:20 | Create | Villager (Male) |
| 23:26 | Create | Villager (Male) |
Match timeline
| 10:23 | VaultBoy · age_up feudal |
| 10:56 | 小R · age_up feudal |
| 10:59 | 苏醒吧猎杀时刻 · age_up feudal |
| 11:00 | DaGLeS · age_up feudal |
| 11:02 | 一点通 · age_up feudal |
| 11:04 | ElMelvin49 · first_building Barracks |
| 12:22 | 洛阳一根棍 · age_up feudal |
| 12:34 | ElMelvin49 · first_building Archery Range |
| 12:40 | charly222 · age_up feudal |
| 13:05 | ElMelvin49 · first_building Stable |
| 13:40 | charly222 · first_building Barracks |
| 14:32 | 小R · age_up castle |
| 14:32 | VaultBoy · age_up castle |
| 14:33 | 一点通 · age_up castle |
| 14:38 | 小R · first_building Castle |
| 14:40 | DaGLeS · age_up castle |
| 14:41 | VaultBoy · first_building Barracks |
| 14:48 | 小R · wall_segment Palisade Wall x1 |
| 14:55 | 苏醒吧猎杀时刻 · age_up castle |
| 14:59 | VaultBoy · first_building Siege Workshop |
| 15:12 | 一点通 · first_building Monastery |
| 15:22 | 苏醒吧猎杀时刻 · first_building Monastery |
| 15:26 | VaultBoy · wall_segment Stone Wall x5 |
| 15:36 | VaultBoy · wall_segment Stone Wall x3 |
| 15:48 | VaultBoy · wall_segment Stone Wall x8 |
| 16:01 | 小R · first_building Siege Workshop |
| 16:04 | DaGLeS · first_market_buy 100 food |
| 16:10 | charly222 · age_up castle |
| 16:12 | charly222 · first_building Siege Workshop |
| 16:18 | 洛阳一根棍 · age_up castle |
| 16:28 | VaultBoy · first_market_sell 100 wood |
| 16:38 | VaultBoy · first_building Castle |
| 17:32 | 洛阳一根棍 · first_building Siege Workshop |
| 17:34 | VaultBoy · wall_segment Stone Wall x3 |
| 18:18 | 洛阳一根棍 · first_building Barracks |
| 19:12 | 洛阳一根棍 · first_building Archery Range |
| 19:22 | VaultBoy · first_market_buy 100 food |
| 19:39 | DaGLeS · first_market_sell 100 wood |
| 20:31 | 小R · wall_segment Stone Wall x1 |
| 20:32 | 小R · wall_segment Stone Wall x1 |
| 20:34 | 小R · wall_segment Stone Wall x1 |
| 20:35 | 小R · wall_segment Stone Wall x1 |
| 20:36 | 小R · wall_segment Stone Wall x1 |
| 20:36 | 小R · wall_segment Stone Wall x1 |
| 20:48 | 小R · wall_segment Stone Wall x1 |
| 22:03 | 小R · first_market_sell 100 stone |
| 22:07 | 小R · first_market_buy 100 food |
| 22:15 | 一点通 · first_building Barracks |
| 23:00 | ElMelvin49 · wall_segment Stone Wall x5 |
| 23:15 | 一点通 · first_building Stable |
| 23:54 | ElMelvin49 · wall_segment Stone Wall x4 |
| 24:23 | DaGLeS · first_building Monastery |
| 25:02 | 苏醒吧猎杀时刻 · first_building Barracks |
| 25:24 | ElMelvin49 · first_building Castle |
| 25:57 | 苏醒吧猎杀时刻 · first_building Castle |
| 26:09 | 苏醒吧猎杀时刻 · first_building Archery Range |
| 26:11 | 小R · wall_segment Stone Wall x1 |
| 26:12 | 小R · wall_segment Stone Wall x1 |
| 26:13 | 苏醒吧猎杀时刻 · first_building Stable |
| 26:18 | 小R · age_up imperial |
| 26:22 | 苏醒吧猎杀时刻 · first_market_sell 100 food |
| 26:31 | DaGLeS · first_building Castle |
| 26:45 | 一点通 · first_building Castle |
| 26:55 | 苏醒吧猎杀时刻 · first_building Siege Workshop |
| 27:12 | 一点通 · age_up imperial |
| 28:06 | 小R · wall_segment Stone Wall x1 |
| 28:53 | DaGLeS · age_up imperial |
| 28:54 | DaGLeS · first_building Siege Workshop |
| 28:59 | VaultBoy · first_building Archery Range |
| 29:49 | 苏醒吧猎杀时刻 · age_up imperial |
| 30:00 | VaultBoy · wall_segment Stone Wall x6 |
| 31:01 | 苏醒吧猎杀时刻 · first_market_buy 100 stone |
| 31:27 | 小R · wall_segment Stone Wall x1 |
| 31:48 | VaultBoy · wall_segment Stone Wall x3 |
| 31:55 | VaultBoy · wall_segment Stone Wall x5 |
| 31:57 | ElMelvin49 · resign |
| 33:00 | VaultBoy · wall_segment Stone Wall x2 |
| 33:00 | charly222 · first_building Stable |
| 34:09 | VaultBoy · age_up imperial |
| 34:31 | 小R · wall_segment Stone Wall x1 |
| 34:44 | DaGLeS · first_building Barracks |
| 35:41 | 洛阳一根棍 · age_up imperial |
| 36:30 | 一点通 · first_building Archery Range |
| 38:42 | DaGLeS · tribute_sent a jugador 1 |
| 38:42 | DaGLeS · tribute_sent a jugador 2 |
| 38:42 | DaGLeS · tribute_sent a jugador 3 |
| 38:42 | DaGLeS · tribute_sent a jugador 4 |
| 38:42 | DaGLeS · tribute_sent a jugador 5 |
| 38:42 | DaGLeS · tribute_sent a jugador 7 |
| 38:42 | DaGLeS · tribute_sent a jugador 8 |
| 39:03 | DaGLeS · first_building Archery Range |
| 39:05 | charly222 · first_building Castle |
| 40:20 | 一点通 · first_market_sell 500 food |
| 42:39 | DaGLeS · tribute_sent a jugador 1 |
| 42:39 | DaGLeS · tribute_sent a jugador 2 |
| 42:39 | DaGLeS · tribute_sent a jugador 3 |
| 42:39 | DaGLeS · tribute_sent a jugador 4 |
| 42:39 | DaGLeS · tribute_sent a jugador 5 |
| 42:39 | DaGLeS · tribute_sent a jugador 7 |
| 42:39 | DaGLeS · tribute_sent a jugador 8 |
| 43:27 | charly222 · age_up imperial |
| 44:32 | DaGLeS · tribute_sent a jugador 1 |
| 44:32 | DaGLeS · tribute_sent a jugador 2 |
| 44:32 | DaGLeS · tribute_sent a jugador 3 |
| 44:32 | DaGLeS · tribute_sent a jugador 4 |
| 44:32 | DaGLeS · tribute_sent a jugador 5 |
| 44:32 | DaGLeS · tribute_sent a jugador 7 |
| 44:32 | DaGLeS · tribute_sent a jugador 8 |
| 45:27 | 小R · first_building Barracks |
[ AI ANALYSIS · 1 CREDIT ]
What really happened in this match?
Wolo.gg analyzes every decision: build order, eco, micro, common mistakes by bracket. Personalized analysis on WhatsApp or Discord in 30 seconds.
Civ guide
Hindustanis
Perfil
Jugador #19718646